AoeStats
← JoTa

Arena

509773667Analyzed
3v3 RM · 3d ago on Sep 28, 2026· 39m 57s· 6 players
Game mode
Random Map
Map size
Normal (6 player)
Population
200
Speed
Normal
Resources
Standard
Victory
Conquest
Starting age
Dark Age
Ending age
Imperial Age
RankedLock teamsTeams togetherTeam positionsShared explorationLock speedFull tech treeHidden civsTurbo modeCheats
Victory
Defeat
🇦🇷 Celts · Argentina
691
+16
🇦🇷 Burgundians · Argentina
637
+19
🇦🇷 Britons · Argentina
629
+19
🇦🇷 Romans · Argentina
743
-20
🇦🇷 Britons · Argentina
724
-19
🇦🇷 Saxons · Argentina
620
-15
elfabrupaxd
10:02 Feudal Age
9:30 Loom
11:55 Double-Bit Axe
13:04 Horse Collar
15:29 Gold Mining
20:38 Castle Age
20:23 Padded Archer Armor
20:13 Fletching
20:27 Scale Mail Armor
21:22 Heavy Plow
21:44 Crossbowman
23:32 Gold Shaft Mining
23:11 Bow Saw
24:38 Wheelbarrow
23:50 Town Watch
25:52 Squires
28:31 Pikeman
29:18 Gambesons
30:26 Forging
30:12 Bodkin Arrow
32:40 Iron Casting
32:21 Leather Archer Armor
32:35 Chain Mail Armor
34:57 Man-at-Arms
41:47 Imperial Age
40:30 Yeomen
39:40 Long Swordsman
JoTa
11:27 Feudal Age
10:38 Loom
10:52 Double-Bit Axe
10:49 Horse Collar
12:52 Heavy Plow
13:07 Bow Saw
22:20 Castle Age
20:30 Arson
21:01 Forging
22:01 Scale Mail Armor
28:50 Gold Mining
29:07 Husbandry
29:44 Pikeman
30:25 Squires
31:04 Crop Rotation
33:41 Imperial Age
32:18 Burgundian Vineyards
33:02 Iron Casting
32:42 Chain Mail Armor
34:45 Scale Barding Armor
39:49 Herbal Medicine
Mainisquiano
5:46 Loom
12:04 Feudal Age
16:17 Castle Age
15:56 Town Watch
16:26 Forging
16:18 Scale Mail Armor
16:27 Man-at-Arms
16:54 Arson
18:06 Gambesons
19:11 Pikeman
19:11 Long Swordsman
21:40 Wheelbarrow
21:48 Double-Bit Axe
25:56 Hand Cart
26:18 Iron Casting
25:42 Horse Collar
34:14 Bow Saw
34:28 Chain Mail Armor
34:35 Heavy Plow
40:41 Imperial Age
SINMANOS
12:16 Feudal Age
18:30 Castle Age
26:38 Clerical Recruitment
29:50 Horse Collar
29:59 Double-Bit Axe
39:21 Imperial Age
Darioo091867
13:49 Feudal Age
15:10 Padded Archer Armor
15:01 Fletching
16:18 Horse Collar
18:31 Man-at-Arms
23:41 Castle Age
26:27 Double-Bit Axe
26:59 Bodkin Arrow
28:27 Gold Mining
28:28 Stone Mining
30:07 Leather Archer Armor
37:29 Imperial Age
37:02 Gold Shaft Mining
PulpoPol
12:27 Feudal Age
13:20 Double-Bit Axe
13:17 Horse Collar
13:31 Gold Mining
14:49 Loom
16:13 Stone Mining
20:15 Castle Age
21:38 Forging
21:28 Scale Mail Armor
23:09 Man-at-Arms
24:23 Heavy Plow
25:10 Long Swordsman
29:31 Chain Mail Armor
29:51 Iron Casting
34:14 Murder Holes
38:13 Imperial Age
Connection lost

Rejoining the realm…

Still unreachable

The connection could not be restored.

Session expired

The server has moved on; the page needs a fresh start.